 Dungeon Crawl Stone Soup version 0.31-a0-844-gdc52ec4e09 (webtiles) character file.

Game seed: 8082846406421317547

8232 yetimobile the Fighter (level 11, -4/89 HPs)
             Began as a Djinni Hedge Wizard on Sept 28, 2023.
             Was a Follower of the Shining One.
             Slain by a cane toad (15 damage)
             ... on level 1 of the Lair of Beasts on Sept 29, 2023.
             The game lasted 00:46:18 (12002 turns).

yetimobile the Fighter (Djinni Hedge Wizard)       Turns: 12002, Time: 00:46:19

Health: -4/89      AC:  5    Str: 14    XL:     11   Next: 52%
Gold:   689        EV: 11    Int: 20    God:    the Shining One [*.....] SH: 14 Dex: 22

rFire   + + .        a - +7 quick blade of the Spider {freeze, Str+5 Dex+3}
rCold   . . .        N - +2 kite shield
rNeg    . . .        r - +0 robe
rPois   inf          M - +0 helmet
rElec   .            p - +0 cloak
rCorr   .            F - +0 pair of gloves of Vlad {Will+}
SInv    .            (boots unavailable)
Will    ++...        j - amulet of faith {!P}
Stlth   +            s - ring of protection from cold
HPRegen 0.34/turn    t - +6 ring of dexterity
MPRegen 0.00/turn

%: faith, infuse magic (-5 HP)
@: silenced, flying, glowing
A: sickness immunity, fire resistance 2, cold vulnerability 1, float, innate
caster, HP casting, extra vitality 1
a: Renounce Religion


You were on level 1 of the Lair of Beasts.
You worshipped the Shining One.
The Shining One was aware of your devotion.
You visited 3 branches of the dungeon, and saw 11 of its levels.

You collected 689 gold pieces.

Inventory:

Hand Weapons
 a - the +7 quick blade of the Spider (weapon) {freeze, Str+5 Dex+3}
   (You acquired it on level 9 of the Dungeon)

   Str+5:     It affects your strength (+5).
   Dex+3:     It affects your dexterity (+3).
 z - a +1 mace of holy wrath
 R - a +4 spear of flaming
Missiles
 n - 3 atropa-tipped darts
 o - 33 poisoned darts
 w - 6 throwing nets
 J - a curare-tipped dart
Armour
 p - a +0 cloak (worn)
 r - a +0 robe (worn)
 F - the +0 pair of gloves of Vlad (worn) {Will+}
   (You acquired it on level 6 of the Dungeon)

   Will+:     It increases your willpower.
 M - a +0 helmet (worn)
 N - a +2 kite shield (worn)
 P - the +1 ring mail of the Cockatrice {rF++ Stlth-}
   (You found it on level 9 of the Dungeon)

   rF++:      It greatly protects you from fire.
   Stlth-:    It makes you less stealthy.
Magical Staves
 b - a staff of cold
Jewellery
 j - an amulet of faith (around neck) {!P}
 s - a ring of protection from cold (left hand)
 t - a +6 ring of dexterity (right hand)
 v - a ring of protection from cold
 Q - a ring of willpower
Talismans
 y - a beast talisman
Wands
 q - a wand of polymorph (16)
 x - a wand of charming (9)
 C - a wand of flame (34)
 D - a wand of light (16)
 I - a wand of roots (12)
Scrolls
 d - 2 scrolls of blinking
 e - a scroll of noise {!r}
 l - a scroll of teleportation {unknown}
 B - 2 scrolls of brand weapon
 G - a scroll of amnesia
 H - a scroll of fog
 K - a scroll of enchant armour {unknown}
 L - a scroll of poison
Potions
 c - a potion of lignification {!q}
 f - 4 potions of curing
 g - a potion of haste
 i - a potion of cancellation
 m - 3 potions of enlightenment
 u - a potion of heal wounds
 A - 2 potions of brilliance
 O - 2 potions of invisibility
 S - a potion of attraction {!q}
 T - a potion of degeneration {!q}


   Skills:
 - Level 12.1 Fighting
 - Level 4.0 Staves
 - Level 2.1 Dodging
 - Level 1.5 Stealth
 - Level 7.0 Shields
 + Level 9.5 Spellcasting
 + Level 9.5 Conjurations
 + Level 9.5 Hexes
   Level 0.0 Charms
 + Level 9.5 Summonings
 + Level 9.5 Necromancy
 + Level 9.5 Translocations
 + Level 9.5 Transmutations
 + Level 9.5 Fire Magic
 + Level 9.5 Ice Magic
 + Level 9.5 Air Magic
 + Level 9.5 Earth Magic
 + Level 9.5 Poison Magic
 - Level 1.6 Evocations


You knew the following spells:

 Your Spells              Type           Power      Damage    Failure   Level
a - Magic Dart            Conj           100%       1d8       1%          1
b - Slow                  Hex            100%       N/A       1%          1
c - Blink                 Tloc           94%        N/A       1%          2
d - Call Imp              Summ           94%        N/A       1%          2
e - Mephitic Cloud        Conj/Pois/Air  47%        N/A       1%          3
f - Freeze                Ice            100%       1d10      1%          1
g - Searing Ray           Conj           94%        2d7       1%          2
h - Dazzling Flash        Conj/Hex       94%        N/A       1%          3
i - Summon Ice Beast      Ice/Summ       47%        N/A       3%          4
j - Iskenderun's Battles  Conj           47%        2d10      11%         5
Your spell library was empty.

Dungeon Overview and Level Annotations

Branches:
Dungeon (9/15)             Temple (1/1) D:7            Lair (1/5) D:9
    Orc (0/2) D:9

Altars:
Ashenzari
Cheibriados
Elyvilon
Fedhas
Gozag
Hepliaklqana
Makhleb
Nemelex Xobeh
Okawaru
Qazlal
Ru
Uskayaw
Wu Jian
Xom
The Shining One

Annotations:
D:5 Prince Ribbit


Innate Abilities, Weirdness & Mutations

You are immune to sickness and miasma.
You are immune to poison.
Your flesh is very heat resistant. (rF++)
You are vulnerable to cold. (rC-)
You float through the air rather than walking.
You learn spells naturally, not from books.
Your magical power is your life essence.
You have superior vitality. (+4 MHP)


Message History

* * * LOW HITPOINT WARNING * * *
The komodo dragon seems less confused.
You block the cane toad's attack.
Confirm with . or Enter, or press ? or * to list all spells.
Aiming: Slow (safe; 1% risk of failure)
Press: ? - help, Shift-Dir - straight line, f - cane toad, p - cane toad
Aim: a cane toad (chance to affect: 56%)
The cane toad resists with significant effort.
* * * LOW HITPOINT WARNING * * *
You block the cane toad's attack.
Confirm with . or Enter, or press ? or * to list all spells.
Aiming: Slow (safe; 1% risk of failure)
Press: ? - help, Shift-Dir - straight line, f - komodo dragon, p - cane toad
Aim: a komodo dragon (moderately wounded, ally target, haloed, chance to affect: 38%)
The komodo dragon resists with some effort.
* * * LOW HITPOINT WARNING * * *
You block the komodo dragon's attack. You block the cane toad's attack.
Confirm with . or Enter, or press ? or * to list all spells.
You blink.
* * * LOW HITPOINT WARNING * * *
The cane toad is no longer blind.
Your ice beast hits the cane toad.
Your ice beast freezes the cane toad!
The cane toad seems to slow down.
The cane toad dies!
Confirm with . or Enter, or press ? or * to list all spells.
Aiming: Freeze (safe; 1% risk of failure)
Press: ? - help, Shift-Dir - straight line, f - cane toad, p - komodo dragon
Aim: a cane toad (haloed)
You freeze the cane toad.
The cane toad is lightly wounded.
* * * LOW HITPOINT WARNING * * *
The cane toad stings you!
* * * LOW HITPOINT WARNING * * *
As you read the scroll labelled YCUEHIGGAQECH, it crumbles to dust.
A profound silence engulfs you.
It was a scroll of silence.
You feel ready to blink again. You block the cane toad's attack.
Okay, then.
You feel better. The cane toad stings you!!
* * * LOW HITPOINT WARNING * * *
The cane toad stings you!
You die...

###P...###.....#
#.....#........#
#............###
#.....%.l.l..## P#
####...####.#.# ...#
#P#...####.####
.....#.......#...#.###
.......#..##|###.....###
.......Rl..P..######.#..
......#.F.Y....<# #.....
#.............#.###.....
.......................#
P.. ...............##.##
.. .##..................
. ..#..........#P#.....#
.. .......########.#...
..#.... .##..


You could see a komodo dragon (ally target), a cane toad and a friendly ice
beast (summoned).

Vanquished Creatures
  A two-headed ogre (D:9)
  A black mamba (Lair:1)
  A komodo dragon (Lair:1)
  Sigmund (D:3)
  A wraith (D:9)
  A shadow (D:9)
  10 yaks
  Eustachio (D:5)
  A wyvern (D:8)
  Menkaure (D:4)
  3 steam dragons
  Duvessa (D:6)
  2 water moccasins
  2 orc warriors
  The ghost of olddryhag the Ogre Mage, an amateur OgHW (D:3)
  2 centaurs
  Blork the orc (D:6)
  4 kobold brigands
  A bullfrog (D:8)
  3 gnoll sergeants
  Dowan (D:6)
  11 killer bees (D:9)
  2 quasits (D:3)
  2 jellies
  A gnoll bouda (D:8)
  4 hounds
  10 orc priests
  4 iguanas
  Natasha (twice) (D:3)
  7 orc wizards
  A mummy (D:5)
  15 gnolls
  6 adders
  A shadow imp (D:6)
  3 white imps
  7 worms
  4 dart slugs
  39 orcs
  9 ball pythons
  6 endoplasms
  3 giant cockroaches
  5 hobgoblins
  A jackal (D:4)
  17 kobolds
  3 quokkas (D:2)
  5 bats
  4 frilled lizards
  4 goblins
  5 rats
221 creatures vanquished.

Vanquished Creatures (collateral kills)
  A cane toad (Lair:1)
  A komodo dragon (D:9)
  Grinder (D:3)
  2 yaks (D:8)
  A black bear (Lair:1)
  A jelly (D:8)
  An orc priest (D:9)
  Natasha (D:3)
  An adder (D:2)
  7 orcs
  2 endoplasms (D:2)
  A goblin (D:2)
  2 hobgoblins
  A kobold (D:2)
23 creatures vanquished.

Vanquished Creatures (others)
  A water moccasin (Lair:1)
  A white imp (D:8)
2 creatures vanquished.

Grand Total: 246 creatures vanquished

Notes
Turn   | Place    | Note
-------+----------+-------------------------------------------
     0 | D:1      | yetimobile the Djinni Hedge Wizard began the quest for the
                  | Orb.
     0 | D:1      | yetimobile set off with the following spells memorised:
                  | Magic Dart, Slow, Blink, Call Imp, Mephitic Cloud.
     0 | D:1      | Reached XP level 1. HP: 15/15 MP: 0/0
    40 | D:1      | Reached skill level 3 in Spellcasting
    40 | D:1      | Reached skill level 3 in Conjurations
    40 | D:1      | Reached skill level 3 in Hexes
    40 | D:1      | Reached skill level 3 in Summonings
    40 | D:1      | Reached skill level 3 in Necromancy
    40 | D:1      | Reached skill level 3 in Translocations
    40 | D:1      | Reached skill level 3 in Transmutations
    40 | D:1      | Reached skill level 3 in Fire Magic
    40 | D:1      | Reached skill level 3 in Ice Magic
    40 | D:1      | Reached skill level 3 in Air Magic
    40 | D:1      | Reached skill level 3 in Earth Magic
    40 | D:1      | Reached skill level 3 in Poison Magic
   233 | D:1      | Reached XP level 2. HP: 19/21 MP: 0/0
   445 | D:1      | You are sucked into a shaft and drop 1 floor!
   453 | D:2      | Reached XP level 3. HP: 20/25 MP: 0/0
   453 | D:2      | Learned a level 1 spell: Freeze
   640 | D:1      | Found a faded altar of an unknown god.
  1284 | D:2      | Reached XP level 4. HP: 31/31 MP: 0/0
  1589 | D:2      | Reached skill level 4 in Spellcasting
  1589 | D:2      | Reached skill level 4 in Conjurations
  1589 | D:2      | Reached skill level 4 in Hexes
  1589 | D:2      | Reached skill level 4 in Summonings
  1589 | D:2      | Reached skill level 4 in Necromancy
  1589 | D:2      | Reached skill level 4 in Translocations
  1589 | D:2      | Reached skill level 4 in Transmutations
  1589 | D:2      | Reached skill level 4 in Fire Magic
  1589 | D:2      | Reached skill level 4 in Ice Magic
  1589 | D:2      | Reached skill level 4 in Air Magic
  1589 | D:2      | Reached skill level 4 in Earth Magic
  1589 | D:2      | Reached skill level 4 in Poison Magic
  1892 | D:3      | Noticed Natasha
  1899 | D:3      | Killed Natasha
  1900 | D:3      | Reached XP level 5. HP: 25/35 MP: 0/0
  1900 | D:3      | Learned a level 2 spell: Searing Ray
  2293 | D:3      | Noticed Sigmund
  2318 | D:3      | Killed Sigmund
  2319 | D:3      | Reached skill level 5 in Spellcasting
  2319 | D:3      | Reached skill level 5 in Conjurations
  2319 | D:3      | Reached skill level 5 in Hexes
  2319 | D:3      | Reached skill level 5 in Summonings
  2319 | D:3      | Reached skill level 5 in Necromancy
  2319 | D:3      | Reached skill level 5 in Translocations
  2319 | D:3      | Reached skill level 5 in Transmutations
  2319 | D:3      | Reached skill level 5 in Fire Magic
  2319 | D:3      | Reached skill level 5 in Ice Magic
  2319 | D:3      | Reached skill level 5 in Air Magic
  2319 | D:3      | Reached skill level 5 in Earth Magic
  2319 | D:3      | Reached skill level 5 in Poison Magic
  2319 | D:3      | Reached XP level 6. HP: 27/40 MP: 0/0
  2368 | D:3      | Found a transporter.
  2394 | D:3      | Found a transporter.
  2398 | D:3      | Noticed olddryhag's ghost (amateur OgHW)
  2526 | D:3      | Noticed Grinder
  2532 | D:3      | Paralysed by Grinder for 3 turns
  2542 | D:3      | Killed Grinder
  2543 | D:3      | Reached skill level 6 in Spellcasting
  2543 | D:3      | Reached skill level 6 in Conjurations
  2543 | D:3      | Reached skill level 6 in Hexes
  2543 | D:3      | Reached skill level 6 in Summonings
  2543 | D:3      | Reached skill level 6 in Necromancy
  2543 | D:3      | Reached skill level 6 in Translocations
  2543 | D:3      | Reached skill level 6 in Transmutations
  2543 | D:3      | Reached skill level 6 in Fire Magic
  2543 | D:3      | Reached skill level 6 in Ice Magic
  2543 | D:3      | Reached skill level 6 in Air Magic
  2543 | D:3      | Reached skill level 6 in Earth Magic
  2543 | D:3      | Reached skill level 6 in Poison Magic
  2543 | D:3      | Reached XP level 7. HP: 21/45 MP: 0/0
  2543 | D:3      | Learned a level 3 spell: Dazzling Flash
  2690 | D:3      | Noticed Natasha
  2694 | D:3      | Killed Natasha
  3739 | D:3      | Killed olddryhag's ghost
  3740 | D:3      | Reached XP level 8. HP: 40/50 MP: 0/0
  3758 | D:3      | Noticed Natasha
  3765 | D:3      | Killed Natasha
  3865 | D:4      | Reached skill level 7 in Spellcasting
  3865 | D:4      | Reached skill level 7 in Conjurations
  3865 | D:4      | Reached skill level 7 in Hexes
  3865 | D:4      | Reached skill level 7 in Summonings
  3865 | D:4      | Reached skill level 7 in Necromancy
  3865 | D:4      | Reached skill level 7 in Translocations
  3865 | D:4      | Reached skill level 7 in Transmutations
  3865 | D:4      | Reached skill level 7 in Fire Magic
  3865 | D:4      | Reached skill level 7 in Ice Magic
  3865 | D:4      | Reached skill level 7 in Air Magic
  3865 | D:4      | Reached skill level 7 in Earth Magic
  3865 | D:4      | Reached skill level 7 in Poison Magic
  3934 | D:4      | Noticed Menkaure
  3962 | D:4      | Killed Menkaure
  4310 | D:4      | Identified a scroll of acquirement
  4310 | D:4      | Acquired a manual of Fighting
  4320 | D:4      | Reached skill level 1 in Fighting
  4457 | D:4      | Reached skill level 2 in Fighting
  4770 | D:5      | Entered Level 5 of the Dungeon
  4793 | D:5      | Reached skill level 4 in Fighting
  4956 | D:5      | Reached skill level 5 in Fighting
  5027 | D:5      | Noticed Prince Ribbit
  5357 | D:5      | Found a snail-covered altar of Cheibriados.
  5389 | D:5      | Noticed Eustachio
  5405 | D:5      | Killed Eustachio
  5406 | D:5      | Reached skill level 7 in Fighting
  5406 | D:5      | Reached XP level 9. HP: 53/68 MP: 0/0
  5406 | D:5      | Learned a level 4 spell: Summon Ice Beast
  5523 | D:5      | Found a broken altar of Ashenzari.
  5610 | D:6      | Noticed Blork the orc
  5618 | D:6      | Killed Blork the orc
  6004 | D:6      | Acquired the +0 pair of gloves of Vlad {Will+}
  6044 | D:6      | Reached skill level 8 in Fighting
  6133 | D:6      | Noticed Duvessa
  6133 | D:6      | Noticed Dowan
  6143 | D:6      | Killed Dowan
  6159 | D:6      | Killed Duvessa
  6160 | D:6      | Reached skill level 9 in Fighting
  6733 | D:7      | Found a staircase to the Ecumenical Temple.
  6760 | Temple   | Entered the Ecumenical Temple
  6859 | Temple   | Became a worshipper of the Shining One
  7027 | D:7      | Reached skill level 10 in Fighting
  7605 | D:7      | Reached skill level 11 in Fighting
  7988 | D:8      | Reached skill level 12 in Fighting
  7994 | D:8      | Upgraded the game from 0.31-a0-841-g038b102fc3 to
                  | 0.31-a0-844-gdc52ec4e09
  8570 | D:8      | Reached skill level 8 in Spellcasting
  8570 | D:8      | Reached skill level 8 in Conjurations
  8570 | D:8      | Reached skill level 8 in Hexes
  8570 | D:8      | Reached skill level 8 in Summonings
  8570 | D:8      | Reached skill level 8 in Necromancy
  8570 | D:8      | Reached skill level 8 in Translocations
  8570 | D:8      | Reached skill level 8 in Transmutations
  8570 | D:8      | Reached skill level 8 in Fire Magic
  8570 | D:8      | Reached skill level 8 in Ice Magic
  8570 | D:8      | Reached skill level 8 in Air Magic
  8570 | D:8      | Reached skill level 8 in Earth Magic
  8570 | D:8      | Reached skill level 8 in Poison Magic
  8570 | D:8      | Reached XP level 10. HP: 70/84 MP: 0/0
  8844 | D:8      | Reached skill level 1 in Staves
  9436 | D:8      | Reached * piety under the Shining One
  9445 | D:8      | Reached skill level 2 in Staves
  9969 | D:9      | Reached skill level 1 in Evocations
 10138 | D:9      | Identified the +1 ring mail of the Cockatrice {rF++ Stlth-}
 10357 | D:9      | Found a staircase to the Lair.
 10373 | D:9      | Noticed a komodo dragon
 10386 | D:9      | Killed a komodo dragon
 10387 | D:9      | Reached skill level 3 in Staves
 10588 | D:9      | Reached skill level 4 in Staves
 10630 | D:9      | Found a staircase to the Orcish Mines.
 10677 | D:9      | Acquired the +7 quick blade of the Spider {freeze, Str+5
                  | Dex+3}
 10737 | D:9      | Reached skill level 1 in Shields
 10742 | D:9      | Reached skill level 2 in Shields
 10753 | D:9      | Reached skill level 3 in Shields
 10779 | D:9      | Reached skill level 4 in Shields
 10966 | D:9      | Noticed a two-headed ogre
 10982 | D:9      | Killed a two-headed ogre
 10983 | D:9      | Reached skill level 5 in Shields
 10983 | D:9      | Reached XP level 11. HP: 77/89 MP: 0/0
 10983 | D:9      | Learned a level 5 spell: Iskenderun's Battlesphere
 11075 | D:9      | Reached skill level 6 in Shields
 11258 | D:9      | Reached skill level 7 in Shields
 11607 | D:9      | Reached skill level 9 in Spellcasting
 11607 | D:9      | Reached skill level 9 in Conjurations
 11607 | D:9      | Reached skill level 9 in Hexes
 11607 | D:9      | Reached skill level 9 in Summonings
 11607 | D:9      | Reached skill level 9 in Necromancy
 11607 | D:9      | Reached skill level 9 in Translocations
 11607 | D:9      | Reached skill level 9 in Transmutations
 11607 | D:9      | Reached skill level 9 in Fire Magic
 11607 | D:9      | Reached skill level 9 in Ice Magic
 11607 | D:9      | Reached skill level 9 in Air Magic
 11607 | D:9      | Reached skill level 9 in Earth Magic
 11607 | D:9      | Reached skill level 9 in Poison Magic
 11765 | Lair:1   | Entered Level 1 of the Lair of Beasts
 12002 | Lair:1   | Slain by a cane toad

Illustrated notes

Levels and vault maps discovered:
D:1:      eino_arrival_water_star, layout_loops_cross,
          hellmonk_ecumenical_altar_arch_garden, minmay_split_cup_small
D:2:      minmay_razor_zed, layout_basic
D:3:      layout_basic, gammafunk_ghost_stat_death, st_stairs_8, uniq_grinder,
          uniq_natasha, uniq_sigmund
D:4:      layout_basic, st_stairs_6, uniq_menkaure
D:5:      layout_rooms, slow_altar_1, mainiacjoe_overflow_six_doors_small,
          water_boxes_lemuel, uniq_eustachio, uniq_prince_ribbit1
D:6:      layout_basic, uniq_duvessa, uniq_blork_the_orc
D:7:      layout_gridville, minmay_temple_entry_wispy, nicolae_grassy_gnolls
D:8:      layout_layer_cave, kiku_gazebo_garden_becter
D:9:      layout_irregular_city, david_lair_shrubbed, hiddenorc1_lemuel,
          minmay_fractal_squares_gapless_5
Temple:   eino_wide_crystal_templ
Lair:1:   layout_misc_corridors, st_stairs_4, grunt_megastairs_5

Skill      XL: |  1  2  3  4  5  6  7  8  9 10 11 |
---------------+----------------------------------+-----
Spellcasting   | 3 4 5 6 7 8 9 |  9.5
Conjurations   | 3 4 5 6 7 8 9 |  9.5
Hexes          | 3 4 5 6 7 8 9 |  9.5
Summonings     | 3 4 5 6 7 8 9 |  9.5
Necromancy     | 3 4 5 6 7 8 9 |  9.5
Translocations | 3 4 5 6 7 8 9 |  9.5
Transmutations | 3 4 5 6 7 8 9 |  9.5
Fire Magic     | 3 4 5 6 7 8 9 |  9.5
Ice Magic      | 3 4 5 6 7 8 9 |  9.5
Air Magic      | 3 4 5 6 7 8 9 |  9.5
Earth Magic    | 3 4 5 6 7 8 9 |  9.5
Poison Magic   | 3 4 5 6 7 8 9 |  9.5
Fighting       | 7 12 | 12.1
Staves         | 4 |  4.0
Evocations     | 1 |  1.6
Shields        | 5 7 |  7.0
Dodging        | |  2.1
Stealth        | |  1.5

Action                     |  1- 3 |  4- 6 |  7- 9 | 10-12 || total
---------------------------+-------+-------+-------+-------++-------
  Melee: Short sword       |       |       |    11 |       ||    11
         Spear             |       |       |     6 |       ||     6
         Staff             |       |       |       |     9 ||     9
         Quick blade       |       |       |       |    21 ||    21
  Throw: Dart              |       |     5 |       |       ||     5
   Cast: Magic Dart        |    81 |    76 |   268 |    75 ||   500
         Call Imp          |     4 |     9 |     2 |       ||    15
         Freeze            |       |     3 |     8 |     6 ||    17
         Mephitic Cloud    |       |     3 |    11 |    25 ||    39
         Searing Ray       |       |     1 |    38 |    43 ||    82
         Slow              |       |       |     1 |     3 ||     4
         Summon Ice Beast  |       |       |     2 |     8 ||    10
         Blink             |       |       |     1 |     2 ||     3
         Dazzling Flash    |       |       |       |     3 ||     3
         Iskenderun's Batt |       |       |       |     1 ||     1
  Evoke: Wand              |       |       |     1 |     4 ||     5
    Use: Scroll            |     4 |     4 |     9 |     9 ||    26
         Potion            |       |       |     1 |     2 ||     3
 Armour: Robe              |    12 |    12 |    92 |    55 ||   171
  Dodge: Dodged            |    24 |    14 |    71 |    41 ||   150
  Block: Kite shield       |       |       |       |    47 ||    47

Table legend: (Time is in decaauts)
 A = Elapsed time spent in this place.
 B = Non-inter-level travel time spent in this place.
 C = Inter-level travel time spent in this place.
 D = Time resting spent in this place.
 E = Time spent auto-exploring this place.
 F = Levels seen in this place.
 G = Mean time per level.
                   A        B        C        D        E       F      G
               +--------+--------+--------+--------+--------+-----+--------+
         Total |  12011 |  11461 |    550 |   2873 |   6504 |  11 | 1091.9 |
       Dungeon |  11808 |  11269 |    539 |   2873 |   6472 |   9 | 1312.0 |
        Temple |    111 |    100 |     11 |      0 |      0 |   1 |  111.0 |
          Lair |     90 |     90 |      0 |      0 |     32 |   1 |   90.0 |
               +--------+--------+--------+--------+--------+-----+--------+

Top non-repeatable levels by time:
     D:8: 2156 daAuts
     D:9: 1856 daAuts
     D:3: 1545 daAuts
     D:2: 1407 daAuts
     D:7: 1149 daAuts
     D:6: 1070 daAuts
     D:4: 978 daAuts
     D:1: 836 daAuts
     D:5: 806 daAuts
  Temple: 111 daAuts
  Lair:1: 90 daAuts

Table legend: (Time is in decaauts)
 A = Elapsed time spent in this place.
 B = Non-inter-level travel time spent in this place.
 C = Inter-level travel time spent in this place.
 D = Time resting spent in this place.
 E = Time spent auto-exploring this place.
 F = Levels seen in this place.
 G = Mean time per level.
                   A        B        C        D        E       F      G
               +--------+--------+--------+--------+--------+-----+--------+
         Total |  12011 |  11461 |    550 |   2873 |   6504 |  11 | 1091.9 |
       Dungeon |  11808 |  11269 |    539 |   2873 |   6472 |   9 | 1312.0 |
        Temple |    111 |    100 |     11 |      0 |      0 |   1 |  111.0 |
          Lair |     90 |     90 |      0 |      0 |     32 |   1 |   90.0 |
               +--------+--------+--------+--------+--------+-----+--------+

Top non-repeatable levels by time:
     D:8: 2156 daAuts
     D:9: 1856 daAuts
     D:3: 1545 daAuts
     D:2: 1407 daAuts
     D:7: 1149 daAuts
     D:6: 1070 daAuts
     D:4: 978 daAuts
     D:1: 836 daAuts
     D:5: 806 daAuts
  Temple: 111 daAuts
  Lair:1: 90 daAuts

Table legend:
 A = Kills in this place as a percentage of kills in the entire game.
 B = Kills by you in this place as a percentage of kills by you in the entire game.
 C = Kills by friends in this place as a percentage of kills by friends in the entire game.
 D = Other kills in this place as a percentage of other kills in the entire game.
 E = Experience gained in this place as a percentage of experience gained in the entire game.
 F = Experience gained in this place divided by the number of levels of this place that you have seen.
                   A       B       C       D       E      F
               +-------+-------+-------+-------+-------+----------------------
         Total | 100.0 | 100.0 | 100.0 | 100.0 | 100.0 | 1069.2
       Dungeon |  98.4 |  99.5 |  91.3 |  92.3 |  88.7 | 1158.9
          Lair |   1.6 |   0.5 |   8.7 |   7.7 |  11.3 | 1331.0
               +-------+-------+-------+-------+-------+----------------------

Levels and vault maps discovered:
D:1:      eino_arrival_water_star, layout_loops_cross,
          hellmonk_ecumenical_altar_arch_garden, minmay_split_cup_small
D:2:      minmay_razor_zed, layout_basic
D:3:      layout_basic, gammafunk_ghost_stat_death, st_stairs_8, uniq_grinder,
          uniq_natasha, uniq_sigmund
D:4:      layout_basic, st_stairs_6, uniq_menkaure
D:5:      layout_rooms, slow_altar_1, mainiacjoe_overflow_six_doors_small,
          water_boxes_lemuel, uniq_eustachio, uniq_prince_ribbit1
D:6:      layout_basic, uniq_duvessa, uniq_blork_the_orc
D:7:      layout_gridville, minmay_temple_entry_wispy, nicolae_grassy_gnolls
D:8:      layout_layer_cave, kiku_gazebo_garden_becter
D:9:      layout_irregular_city, david_lair_shrubbed, hiddenorc1_lemuel,
          minmay_fractal_squares_gapless_5
Temple:   eino_wide_crystal_templ
Lair:1:   layout_misc_corridors, st_stairs_4, grunt_megastairs_5

Action                     |  1- 3 |  4- 6 |  7- 9 | 10-12 || total
---------------------------+-------+-------+-------+-------++-------
  Melee: Short sword       |       |       |    11 |       ||    11
         Spear             |       |       |     6 |       ||     6
         Staff             |       |       |       |     9 ||     9
         Quick blade       |       |       |       |    21 ||    21
  Throw: Dart              |       |     5 |       |       ||     5
   Cast: Magic Dart        |    81 |    76 |   268 |    75 ||   500
         Call Imp          |     4 |     9 |     2 |       ||    15
         Freeze            |       |     3 |     8 |     6 ||    17
         Mephitic Cloud    |       |     3 |    11 |    25 ||    39
         Searing Ray       |       |     1 |    38 |    43 ||    82
         Slow              |       |       |     1 |     3 ||     4
         Summon Ice Beast  |       |       |     2 |     8 ||    10
         Blink             |       |       |     1 |     2 ||     3
         Dazzling Flash    |       |       |       |     3 ||     3
         Iskenderun's Batt |       |       |       |     1 ||     1
  Evoke: Wand              |       |       |     1 |     4 ||     5
    Use: Scroll            |     4 |     4 |     9 |     9 ||    26
         Potion            |       |       |     1 |     2 ||     3
 Armour: Robe              |    12 |    12 |    92 |    55 ||   171
  Dodge: Dodged            |    24 |    14 |    71 |    41 ||   150
  Block: Kite shield       |       |       |       |    47 ||    47
